 Dungeon Crawl Stone Soup version 0.30.0-15-g856e2d3f33 (webtiles) character file.

Game seed: 7050952280489102527

625 monsoonserge the Caller (level 8, -5/59 HPs)
             Began as a Meteoran Summoner on May 19, 2023.
             Slain by Pikel
             ... wielding a +1 whip of flaming
              (6 damage)
             ... on level 5 of the Dungeon.
             The game lasted 00:19:57 (1788 turns).

monsoonserge the Caller (Meteoran Summoner)         Turns: 1788, Time: 00:19:58

Health: -5/59      AC: 10    Str:  8 (10) XL:     8   Next: 5%
Magic:  1/13       EV: 11    Int: 15 (18) God:
Gold:   103        SH:  0    Dex: 17 (18) Spells: 6/13 levels left

rFire   . . .        i - staff of air
rCold   . . .        (no shield)
rNeg    . . .        o - +2 ring mail "Ynonn" {Dex+3}
rPois   .            (no helmet)
rElec   +            g - +2 cloak {Will+}
rCorr   .            (no gloves)
SInv    .            (no boots)
Will    +++..        (no amulet)
Stlth   +            u - ring of willpower
HPRegen 0.29/turn    (no ring)
MPRegen 0.13/turn

%: no passive effects
@: very slightly contaminated, glowing
A: sense surroundings 1, otherworldly, glowing, explore regen
a: no special abilities


You were on level 5 of the Dungeon.
You visited 1 branch of the dungeon, and saw 5 of its levels.

You collected 103 gold pieces.

Inventory:

Hand Weapons
 e - a +0 short sword
 v - a +0 long sword
Missiles
 t - 2 throwing nets
Armour
 a - a +0 robe
 g - a +2 cloak of willpower (worn)
 o - the +2 ring mail "Ynonn" (worn) {Dex+3}
   (You found it on level 3 of the Dungeon)

   Dex:       It affects your dexterity (+3).
 q - a +0 leather armour
Magical Staves
 i - a staff of air (weapon)
 j - a staff of cold
 n - a staff of death
Jewellery
 u - a ring of willpower (left hand)
Scrolls
 c - a scroll of identify
 d - a scroll of enchant weapon
 h - a scroll of fog {unknown}
 p - a scroll of torment {unknown}
 r - a scroll of blinking {unknown}
Potions
 b - a potion of magic
 f - a potion of might {unknown}
 k - 2 potions of degeneration
 l - 2 potions of invisibility {unknown}
 m - 2 potions of lignification {unknown}
 s - a potion of flight {unknown}
 w - a potion of brilliance {unknown}


   Skills:
 + Level 1.6 Fighting
 + Level 0.7 Short Blades
 + Level 2.2 Staves
 * Level 2.4 Armour
 + Level 3.9 Dodging
 + Level 1.7 Stealth
 + Level 0.2 Unarmed Combat
 - Level 3.0 Spellcasting
 * Level 7.6 Summonings
 * Level 3.2 Air Magic
 - Level 2.0 Evocations


You had 6 spell levels left.
You knew the following spells:

 Your Spells              Type           Power      Damage    Failure   Level
a - Summon Small Mammal   Summ           100%       N/A       2%          1
b - Call Imp              Summ           50%        N/A       3%          2
c - Summon Lightning Spi  Summ/Air       27%        N/A       52%         4

Your spell library contained the following spells:

 Spells                   Type           Power      Damage    Failure   Level
 Call Canine Familiar     Summ           25%        N/A       8%          3
 Summon Guardian Golem    Hex/Summ       13%        N/A       34%         3
 Foxfire                  Conj/Fire      8%         2x1d4     50%         1
 Fireball                 Conj/Fire      1%         3d3       100%        5
 Plasma Beam              Fire/Air       5%         2x1d17    100%        6
 Starburst                Conj/Fire      1%         6d3       100%        6


Dungeon Overview and Level Annotations

Branches:
Dungeon (5/15) Zot: 1188
 Temple: D:4-7

Altars:
Elyvilon

Annotations:
D:3 Jessica
D:5 Pikel


Innate Abilities, Weirdness & Mutations

You passively map a small area around you.
You are easily found by Zot.
You glow in the dark.
You regain HP and MP as you explore.


Message History

Pikel hits you with a +1 whip of flaming.
Pikel burns you. The lemure hits you.
Casting: Call Imp (safe; 2% risk of failure)
Confirm with . or Enter, or press ? or * to list all spells.
Pikel misses you.
Your rat closely misses Pikel.
The lemure hits you but does no damage. x2
Your cerulean imp barely misses Pikel.
Okay, then.
Casting: Summon Small Mammal (safe; 1% risk of failure)
Confirm with . or Enter, or press ? or * to list all spells.
The spell is quite dangerous to miscast (38% risk of failure)!
Continue anyway?
You feel a surge of power!
You miscast Summon Lightning Spire.
You are very lightly contaminated with residual magic.
A fistful of eyes flickers past your view.
A nameless horror comes into view.
Your rat closely misses Pikel.
Pikel hits you with a +1 whip of flaming.
Pikel burns you. Something hits your quokka!
Your quokka dies!
Your quokka's corpse disappears in a puff of smoke!
The lemure hits you but does no damage. The lemure closely misses you.
The lemure hits you but does no damage.
Your cerulean imp hits Pikel but does no damage.
As you read the scroll labelled GUADOU CITEO, it crumbles to dust.
It is a scroll of identify.
d - a scroll of enchant weapon The lemure hits you but does no damage.
Pikel hits you with a +1 whip of flaming!
* * * LOW HITPOINT WARNING * * *
Pikel burns you.
* * * LOW HITPOINT WARNING * * *
The lemure hits you.
* * * LOW HITPOINT WARNING * * *
The lemure hits you but does no damage.
Your rat closely misses Pikel.
Your cerulean imp closely misses Pikel.
It was a potion of degeneration.
There was something very wrong with that liquid.
You feel weakened.
You feel dopey.
You feel clumsy.
Pikel hits you with a +1 whip of flaming.
You die...

...# #..### #### #....###
# #......##### * , ####
###..ยง.....### ,,
...#######.###.#...######.
* * ...........#
#.#.#........ *
..#.###..### #5r..5#####..
, .##..#....# ##KX#.#
.###...##..# ##@#.# ,,,
..#.#..# #.....5555.....
#.#.......######.....##. *
.#...###. ##...##* , , ,
#,..#.# #...# * ###...* ,*
*...#** , # .. .... # . **
,,....# * *, # .#* * ,


You could see a nameless horror, Pikel (ally target), 4 lemures, a friendly
cerulean imp (summoned) and a friendly rat (summoned).

Vanquished Creatures
  An ice beast (D:5)
  An orc wizard (D:4)
  2 adders
  A worm (D:2)
  An orc (D:4)
  2 ball pythons (D:1)
  2 endoplasms
  2 giant cockroaches (D:2)
  A jackal (D:2)
  2 kobolds
  2 quokkas (D:2)
  3 frilled lizards
20 creatures vanquished.

Vanquished Creatures (collateral kills)
  Grinder (D:5)
  An ogre (D:4)
  A hound (D:4)
  Terence (D:3)
  An orc wizard (D:4)
  6 adders
  2 worms
  3 dart slugs
  5 orcs (D:4)
  2 ball pythons
  2 endoplasms (D:2)
  A giant cockroach (D:3)
  2 goblins
  4 hobgoblins
  6 jackals
  3 kobolds
  A quokka (D:1)
  A bat (D:2)
  2 frilled lizards
45 creatures vanquished.

Grand Total: 65 creatures vanquished

Notes
Turn   | Place    | Note
-------+----------+-------------------------------------------
     0 | D:1      | monsoonserge the Meteoran Summoner began the quest for the
                  | Orb.
     0 | D:1      | Reached XP level 1. HP: 14/14 MP: 5/5
    94 | D:1      | Reached skill level 5 in Summonings
   160 | D:1      | Reached XP level 2. HP: 20/20 MP: 4/6
   169 | D:1      | Learned a level 2 spell: Call Imp
   309 | D:2      | Reached XP level 3. HP: 5/26 MP: 4/8
   313 | D:2      | HP: 1/26 [poisoned by an adder]
   453 | D:2      | Reached XP level 4. HP: 34/34 MP: 6/9
   483 | D:2      | Learned a level 4 spell: Summon Lightning Spire
   534 | D:2      | Reached skill level 6 in Summonings
   616 | D:3      | Reached skill level 1 in Fighting
   703 | D:3      | Noticed Terence
   733 | D:3      | Killed Terence
   734 | D:3      | Reached skill level 1 in Air Magic
   734 | D:3      | Reached XP level 5. HP: 28/40 MP: 7/10
   821 | D:3      | Reached skill level 1 in Evocations
   871 | D:3      | Noticed Jessica
   985 | D:4      | Reached XP level 6. HP: 37/47 MP: 7/11
  1040 | D:3      | Found a white marble altar of Elyvilon.
  1041 | D:3      | Identified the +2 ring mail "Ynonn" {Dex+3}
  1500 | D:4      | Noticed an ogre
  1537 | D:4      | Reached skill level 1 in Staves
  1544 | D:4      | Killed an ogre
  1545 | D:4      | Reached skill level 1 in Armour
  1545 | D:4      | Reached XP level 7. HP: 52/52 MP: 3/12
  1626 | D:5      | Entered Level 5 of the Dungeon
  1711 | D:5      | Noticed Grinder
  1748 | D:5      | Killed Grinder
  1749 | D:5      | Reached skill level 7 in Summonings
  1768 | D:5      | Noticed Pikel
  1784 | D:5      | Reached XP level 8. HP: 35/59 MP: 8/13
  1787 | D:5      | HP: 1/59 [lemure[Pikel] (3)]
  1788 | D:5      | Slain by Pikel

Illustrated notes

Levels and vault maps discovered:
D:1:      shiori_arrival_elements, layout_loops_corners,
          corexii_item_surrounded_by_moat
D:2:      layout_rooms
D:3:      layout_basic, elyvilon_altar_5, minmay_crystal_room, uniq_pargi,
          uniq_jessica, uniq_terence, uniq_ijyb
D:4:      layout_loops_ring
D:5:      layout_rooms, uniq_grinder, uniq_pikel

Skill      XL: |  1  2  3  4  5  6  7 |
---------------+----------------------+-----
Summonings     | 5 6 7 |  7.6
Spellcasting   | 3 |  3.0
Dodging        | 3 |  3.9
Fighting       | 1 |  1.6
Air Magic      | 1 2 3 |  3.2
Evocations     | 1 2 |  2.0
Staves         | 1 2 |  2.2
Armour         | 1 2 |  2.4
Short Blades   | |  0.7
Stealth        | |  1.7
Unarmed Combat | |  0.2

Action                     |  1- 3 |  4- 6 |  7- 9 || total
---------------------------+-------+-------+-------++-------
  Melee: Unarmed           |     5 |       |       ||     5
         Short sword       |    33 |    21 |       ||    54
         Punch             |     1 |     1 |     1 ||     3
         Staff             |       |   108 |    18 ||   126
   Cast: Summon Small Mamm |    17 |    29 |    12 ||    58
         Call Imp          |     4 |    14 |     4 ||    22
         Summon Lightning  |       |     1 |     1 ||     2
    Use: Scroll            |       |       |     1 ||     1
         Potion            |       |       |     1 ||     1
   Stab: Sleeping          |     1 |       |       ||     1
         Distracted        |       |     1 |       ||     1
 Armour: Robe              |    10 |    25 |       ||    35
         Leather armour    |       |    35 |       ||    35
         Ring mail         |       |       |    13 ||    13
  Dodge: Dodged            |    18 |    74 |    11 ||   103
